 Dungeon Crawl Stone Soup version 0.31-a0-102-g33a4ccc0cb (webtiles) character file.

Game seed: 3808503807159526501

57 Esekla the Sneak (level 4, 0/31 HPs)
             Began as an Octopode Delver on May 26, 2023.
             Slain by a phantom (3 damage)
             ... on level 5 of the Dungeon.
             The game lasted 00:03:25 (279 turns).

Esekla the Sneak (Octopode Delver)                   Turns: 279, Time: 00:03:26

Health: 0/31       AC:  1    Str: 11    XL:     4   Next: 0%
Magic:  5/5        EV: 13    Int: 14    God:
Gold:   33         SH:  0    Dex: 13    Spells: 4/4 levels left

rFire   . . .        a - +0 falchion
rCold   . . .        (no shield)
rNeg    . . .        (helmet restricted)
rPois   .            (no amulet)
rElec   .            (no ring)
rCorr   .            (no ring)
SInv    .            (no ring)
Will    .....        (no ring)
Stlth   ++++         (no ring)
HPRegen 0.25/turn    (no ring)
MPRegen 0.09/turn    (no ring)
                     (no ring)

%: no passive effects
@: no status effects
A: almost no armour, amphibious, 8 rings, camouflage 1, gelatinous body 1,
(nimble swimmer 1), tentacles
a: no special abilities


You were on level 5 of the Dungeon.
You visited 1 branch of the dungeon, and saw 1 of its levels.

You collected 33 gold pieces.

Inventory:

Hand Weapons
 a - a +0 falchion (weapon)
Wands
 f - a wand of digging (3)
Scrolls
 b - a scroll of fog
 g - 2 scrolls of magic mapping
Potions
 e - a potion of haste


   Skills:
 * Level 3.2 Fighting
 * Level 2.3 Long Blades
 * Level 2.2 Dodging
 + Level 7.3 Stealth
 * Level 0.7 Spellcasting
 * Level 0.7 Air Magic
 * Level 1.0 Poison Magic


You had 4 spell levels left.
You didn't know any spells.
Your spell library contained the following spells:

 Spells                   Type           Power      Damage    Failure   Level
 Sting                    Tmut/Pois      4%         1d3       22%         1
 Poisonous Vapours        Pois/Air       4%         N/A       28%         2
 Olgreb's Toxic Radiance  Pois           3%         N/A       87%         4


Dungeon Overview and Level Annotations

Branches:
Dungeon (5/15)             Temple (0/1) D:5

Altars:


Innate Abilities, Weirdness & Mutations

You cannot wear most types of armour.
You are amphibious.
You can wear up to eight rings at the same time.
Your skin changes colour to match your surroundings (Stealth+).
Your rubbery body absorbs attacks. (AC +1, EV +1)
((You are camouflaged when in or above water. (Stealth+)))
You have tentacles for arms and can constrict up to eight enemies at once.


Message History

The scorpion stings you but does no damage.
You hit the scorpion but do no damage.
The scorpion is heavily wounded.
The scorpion stings you but does no damage.
The phantom hits you but does no damage.
The scorpion stings you but does no damage.
The phantom barely misses you.
You hit the scorpion but do no damage.
The scorpion is heavily wounded.
The scorpion stings you but does no damage.
The phantom hits you but does no damage.
You hit the scorpion but do no damage.
The scorpion is heavily wounded.
The scorpion barely misses you. The phantom hits you.
* * * LOW HITPOINT WARNING * * *
The scorpion stings you but does no damage.
Okay, then.
You hit the phantom.
The phantom is lightly damaged.
The scorpion stings you but does no damage.
The phantom hits you but does no damage.
As you read the scroll of fear, it crumbles to dust.
You assume a fearsome visage.
The scorpion looks frightened!
The phantom is unaffected.
The phantom hits you but does no damage.
You hit the phantom.
The phantom is lightly damaged.
The phantom barely misses you.
You barely miss the phantom.
The phantom is lightly damaged.
The phantom hits you but does no damage. x2
You hit the phantom.
The phantom is moderately damaged.
You feel less wooden. The phantom hits you!
* * * LOW HITPOINT WARNING * * *
You hit the phantom.
The phantom is heavily damaged.
The phantom hits you.
You die...

#...........W.........
*......###############
#**,...,,* #####
*#.**#.**** ##....
*...##.#* ######..###
*,#.....#######..........
*,**#.....##......#######
*,*##.8W#.....##### ####
*,*#....@..#### #...
*,*#8.>.8..#* ####.##
*,*#........#######......
*,*##.8.###...........###
*^* #..#,*#####.....#.##
*,* ##.,,,,*#....####..##
*,* #.,,,,#..(.## ##...
****,***#.,,.....### ####
**,,,,,,,*,,......* ###


You could see a phantom.

Vanquished Creatures
  A hound (D:5)
  An iguana (D:5)
2 creatures vanquished.

Notes
Turn   | Place    | Note
-------+----------+-------------------------------------------
     0 | D:5      | Esekla the Octopode Delver began the quest for the Orb.
     0 | D:5      | Reached XP level 1. HP: 16/16 MP: 1/1
    42 | D:5      | Noticed a scorpion
    43 | D:5      | Found a staircase to the Ecumenical Temple.
    59 | D:5      | Noticed an ice beast
    92 | D:5      | Noticed an iguana
   119 | D:5      | Noticed a phantom
   157 | D:5      | Killed an iguana
   158 | D:5      | Reached skill level 7 in Stealth
   158 | D:5      | Reached XP level 2. HP: 17/21 MP: 2/2
   158 | D:5      | Reached XP level 3. HP: 21/26 MP: 3/3
   180 | D:5      | Reached skill level 1 in Poison Magic
   180 | D:5      | Reached XP level 4. HP: 31/31 MP: 3/5
   279 | D:5      | Slain by a phantom

Illustrated notes

Levels and vault maps discovered:
D:5:      layout_rooms, minmay_temple_entry_statues_pillars, uniq_grinder,
          uniq_prince_ribbit1

Skill      XL: |  1  2  3 |
---------------+----------+-----
Stealth        | 7 |  7.3
Poison Magic   | 1 |  1.0
Fighting       | |  3.2
Long Blades    | |  2.3
Dodging        | |  2.2
Spellcasting   | |  0.7
Air Magic      | |  0.7

Action                     |  1- 3 |  4- 6 || total
---------------------------+-------+-------++-------
  Melee: Falchion          |     7 |    33 ||    40
         Tentacles         |     4 |       ||     4
         Constrict         |     2 |     1 ||     3
    Use: Scroll            |     1 |     1 ||     2
         Potion            |       |     1 ||     1
 Armour: Skin              |     1 |    42 ||    43
  Dodge: Dodged            |     4 |     8 ||    12

Table legend: (Time is in decaauts)
 A = Elapsed time spent in this place.
 B = Non-inter-level travel time spent in this place.
 C = Inter-level travel time spent in this place.
 D = Time resting spent in this place.
 E = Time spent auto-exploring this place.
 F = Levels seen in this place.
 G = Mean time per level.
                   A        B        C        D        E       F      G
               +--------+--------+--------+--------+--------+-----+--------+
         Total |    286 |    286 |      0 |      0 |      0 |   1 |  286.0 |
       Dungeon |    286 |    286 |      0 |      0 |      0 |   1 |  286.0 |
               +--------+--------+--------+--------+--------+-----+--------+

Top non-repeatable levels by time:
     D:5: 286 daAuts
